 Dungeon Crawl Stone Soup version 0.18.1-50-g88ac8fd (webtiles) character file.

319 Nordron the Changer (level 6, -4/52 HPs)
             Began as a Naga Transmuter on Sept 29, 2016.
             Slain by an ice beast (12 damage)
             ... on level 4 of the Dungeon.
             The game lasted 00:19:01 (4313 turns).

Nordron the Changer (Naga Transmuter)               Turns: 4313, Time: 00:19:03

Health: -4/52      AC:  9    Str: 12    XL:     6   Next: 46%
Magic:  9/9        EV: 10    Int: 14    God:
Gold:   187        SH:  0    Dex: 13    Spells: 2 memorised, 5 levels left

rFire  . . .     SeeInvis +     s - +1 mace (protect)
rCold  . . .     Gourm    .     b - +0 robe
rNeg   + . .     Faith    .     (no shield)
rPois  +         Spirit   .     (no helmet)
rElec  .         Dismiss  .     H - +0 cloak
rCorr  .         Reflect  .     (no gloves)
SustAt .         Harm     .     (no barding)
MR     .....                    (no amulet)
Stlth  +.........               (no ring)
                                j - ring of positive energy

@: appendage (expiring), very slow, not resistant to hostile enchantments, very
unstealthy
A: horns 2, see invisible, deformed body, poison resistance, slowness 2, slow
metabolism 1, spit poison 2, AC +2
a: Spit Poison, End Transformation


You were on level 4 of the Dungeon.
You were not hungry.
You had grown temporary horns.
You visited 1 branch of the dungeon, and saw 5 of its levels.

You collected 187 gold pieces.

Inventory:

Hand Weapons
 s - a +1 mace of protection (weapon)
 A - a +2 dagger of venom
 F - a cursed -2 rapier
Missiles
 a - 27 arrows
Armour
 b - a +0 robe (worn)
 r - a +1 helmet
 y - a +0 leather armour
 H - a +0 cloak (worn)
Jewellery
 j - a ring of positive energy (left hand)
Scrolls
 e - 2 scrolls of blinking {unknown}
 f - a scroll of immolation {unknown}
 i - a scroll of teleportation {unknown}
 k - a scroll of amnesia {unknown}
 q - 2 scrolls of random uselessness {unknown}
 u - 2 scrolls of remove curse {unknown}
 w - a scroll of fear {unknown}
 z - 5 scrolls of identify {unknown}
 B - a scroll of enchant armour {unknown}
 C - a scroll of enchant weapon {unknown}
Potions
 h - 2 potions of resistance {unknown}
 l - 2 potions of curing {unknown}
 n - a potion of lignification {unknown}
 o - a potion of ambrosia {unknown}
 t - a potion of cancellation {unknown}
 v - a potion of haste {unknown}
 x - 2 potions of flight {unknown}
 D - a potion of heal wounds {unknown}
 E - a potion of agility {unknown}
Books
 c - a book of Changes

   Spells                             Type                      Level
   a - Beastly Appendage              Transmutation                1
   b - Sticks to Snakes               Transmutation                2
   c - Spider Form                    Transmutation/Poison         3
   d - Ice Form                       Ice/Transmutation            4
   e - Blade Hands                    Transmutation                5
Comestibles
 d - 3 bread rations
 g - 3 slices of pizza
 m - 2 meat rations
 p - 3 fruits
 G - a chunk of flesh


   Skills:
 + Level 2.2 Fighting
 - Level 1.5 Dodging
 + Level 3.3 Unarmed Combat
 - Level 2.0 Spellcasting
 * Level 6.0 Transmutations


You had 5 spell levels left.
You knew the following spells:

 Your Spells              Type           Power        Failure   Level  Hunger
a - Beastly Appendage     Trmt           ###...       1%          1    ##.....
b - Spider Form           Trmt/Pois      #.........   21%         3    ####...


Dungeon Overview and Level Annotations

Branches:
Dungeon (5/15)
 Temple: D:4-7

Altars:
Ashenzari
Kikubaaqudgha
Makhleb
Pakellas
Qazlal
Ru
Sif Muna
Trog
Yredelemnul
The Shining One


Innate Abilities, Weirdness & Mutations

You cannot wear boots.
Your serpentine skin is tough (AC +2).
You have supernaturally acute eyesight.
Armour fits poorly on your strangely shaped body.
Your system is resistant to poisons.
You cover ground very slowly.
You have a slow metabolism.
You can spit poison.
You have a pair of horns on your head.


Message History

The ice beast is severely wounded.
The ice beast closely misses you.
You hit the ice beast but do no damage. Your headbutt misses the ice beast.
The ice beast is severely wounded.
Your transformation is almost over.
The ice beast barely misses you.
You hit the ice beast but do no damage.
The ice beast is severely wounded.
The ice beast hits you but does no damage. x2
You hit the ice beast but do no damage. You headbutt the ice beast.
The ice beast is severely wounded.
The ice beast closely misses you.
You hit the ice beast.
The ice beast is almost dead.
The ice beast hits you. The ice beast freezes you!
* * * LOW HITPOINT WARNING * * *
The ice beast hits you.
* * * LOW HITPOINT WARNING * * *
The ice beast freezes you!
You die...

#....................
########.#...........
#......#......
#####....#......
#...............
#....(..........
#...............
#########...............
#......@............##.#
#>....Y..........#).....
#.........##.#<#......##
#.........##.#.....#..##
#.........##..##.#.##.##
#.........###.##.#..#..#
#.........# #.##..#.....
#.........# #.###..##...
########### #...##.##.##


You could see an ice beast.

Vanquished Creatures
  A phantom (D:4)
  A scorpion (D:4)
  An orc priest (D:3)
  4 adders
  An adder skeleton (D:4)
  2 worms (D:2)
  4 dart slugs
  3 giant geckos
  4 orcs (D:3)
  15 bats
  5 giant cockroaches
  6 hobgoblins
  5 jackals
  A quokka (D:3)
  A ball python (D:3)
  A giant newt (D:4)
  11 goblins
  15 kobolds
  A quokka skeleton (D:4)
  5 rats
  A spectral orc (D:3)
88 creatures vanquished.

Notes
Turn   | Place    | Note
--------------------------------------------------------------
     0 | D:1      | Nordron the Naga Transmuter began the quest for the Orb.
     0 | D:1      | Reached XP level 1. HP: 18/18 MP: 3/3
   286 | D:1      | Reached XP level 2. HP: 23/25 MP: 5/5
   319 | D:1      | Found a stormy altar of Qazlal.
   554 | D:1      | Reached skill level 3 in Transmutations
   819 | D:1      | Reached XP level 3. HP: 31/31 MP: 4/6
  1277 | D:2      | Reached skill level 4 in Transmutations
  1522 | D:2      | Reached XP level 4. HP: 12/38 MP: 7/7
  2010 | D:2      | Found a bloodstained altar of Trog.
  2222 | D:2      | Found a glowing golden altar of the Shining One.
  2549 | D:3      | Reached skill level 5 in Transmutations
  2554 | D:3      | Reached XP level 5. HP: 33/44 MP: 6/8
  3086 | D:3      | Found a shattered altar of Ashenzari.
  3090 | D:3      | Found an oddly glowing altar of Pakellas.
  3101 | D:3      | Found an ancient bone altar of Kikubaaqudgha.
  3258 | D:3      | Found a basalt altar of Yredelemnul.
  3418 | D:3      | Learned a level 3 spell: Spider Form
  3477 | D:4      | Noticed a phantom
  3490 | D:5      | Entered Level 5 of the Dungeon
  3490 | D:5      | Found a burning altar of Makhleb.
  3490 | D:5      | Noticed an ice beast
  3542 | D:4      | Found a deep blue altar of Sif Muna.
  3810 | D:4      | Killed a phantom
  3810 | D:4      | Reached XP level 6. HP: 26/52 MP: 9/9
  4017 | D:4      | Reached skill level 6 in Transmutations
  4232 | D:4      | Found a sacrificial altar of Ru.
  4313 | D:4      | Slain by an ice beast

Skill      XL: |  1  2  3  4  5  6 |
---------------+-------------------+-----
Transmutations | 3 4 5 6 |  6.0
Fighting       | 2 |  2.2
Dodging        | |  1.5
Unarmed Combat | |  3.3
Spellcasting   | |  2.0

Action                   |  1- 3 |  4- 6 || total
-------------------------+-------+-------++-------
Melee: Dagger            |    55 |       ||    55
       Unarmed           |     2 |     3 ||     5
       Headbutt          |    12 |    24 ||    36
       Mace              |    60 |   251 ||   311
       Punch             |     2 |     2 ||     4
 Cast: Beastly Appendage |    21 |    37 ||    58
       Spider Form       |       |     1 ||     1
 Stab: Sleeping          |       |     1 ||     1
  Eat: Chunk             |     2 |     7 ||     9
       Fruit             |       |     1 ||     1
Armor: Robe              |    48 |   149 ||   197
       Skin              |       |     1 ||     1
Dodge: Dodged            |    92 |   178 ||   270
